 Dungeon Crawl Stone Soup version 0.31-a0-174-g85c54bcb58 (webtiles) character file.

Game seed: 9789249953078840567

37 qw the Shooter (level 3, -4/32 HPs)
             Began as a Naga Hunter on June 15, 2023.
             Slain by a gnoll
             ... wielding a +0 halberd
              (15 damage)
             ... on level 2 of the Dungeon.
             The game lasted 00:00:25 (949 turns).

qw the Shooter (Naga Hunter)                         Turns: 949, Time: 00:00:26

Health: -4/32      AC:  2    Str: 13    XL:     3   Next: 41%
Magic:  3/3        EV:  9    Int:  9    God:
Gold:   105        SH:  0    Dex: 16    Spells: 2/2 levels left

rFire   . . .        Y - +0 shortbow
rCold   . . .        (shield currently unavailable)
rNeg    . . .        c - +0 leather armour
rPois   +            (no helmet)
rElec   .            (no cloak)
rCorr   .            (no gloves)
SInv    +            (no barding)
Will    .....        (no amulet)
Stlth   ++           (no ring)
HPRegen 0.25/turn    (no ring)
MPRegen 0.08/turn

%: no passive effects
@: short of breath, very slow
A: AC +1, large, see invisible, deformed body, poison resistance, slowness 2,
spit poison 1, naga tail 1
a: Spit Poison


You were on level 2 of the Dungeon.
You visited 1 branch of the dungeon, and saw 2 of its levels.

You collected 105 gold pieces.


Innate Abilities, Weirdness & Mutations

Your serpentine skin is tough. (AC +1)
You have supernaturally acute eyesight. (SInv)
Armour fits poorly on your strangely shaped body.
Your system is resistant to poisons. (rPois)
You cover ground very slowly.
You can spit poison.
You have a snake-like lower body.


   Skills:
 - Level 2.0 Fighting
 + Level 4.7 Ranged Weapons
 - Level 1.5 Dodging
 - Level 1.5 Stealth


You had 2 spell levels left.
You didn't know any spells.
Your spell library was empty.

Inventory:

Hand Weapons
 Y - a +0 shortbow (weapon)
Armour
 c - a +0 leather armour (worn)
Scrolls
 a - a scroll of identify
Potions
 e - a potion of might
 g - a potion of curing

Dungeon Overview and Level Annotations

Branches:
Dungeon (2/15)

Altars:

Shops:
D:1 (


Message History

You climb downwards.
The adder skeleton bites you but does no damage.
The quokka zombie bites you. The adder skeleton bites you.
The quokka zombie completely misses you.
There is a stone staircase leading up, spattered with blood here.
911 ||| STAIRDANCE The adder skeleton barely misses you.
The quokka zombie barely misses you.
You climb upwards.
There is a stone staircase leading down here.
You start resting.
HP restored.
Done exploring.
(D) Dungeon
Where to? (* - list waypoints, Enter - D:2, ? - help)
What level of the Dungeon? (default 1, ? - help)
You climb downwards.
The adder skeleton bites you. The quokka zombie bites you.
The adder skeleton barely misses you.
There is a stone staircase leading up, spattered with blood here.
926 ||| STAIRDANCE The quokka zombie closely misses you.
The adder skeleton bites you.
You climb upwards.
There is a stone staircase leading down here.
You start resting.
HP restored.
Done exploring.
(D) Dungeon
Where to? (* - list waypoints, Enter - D:2, ? - help)
What level of the Dungeon? (default 1, ? - help)
You climb downwards.
The quokka zombie closely misses you.
The adder skeleton bites you but does no damage.
The quokka zombie bites you but does no damage.
The gnoll barely misses you. The adder skeleton barely misses you.
There is a stone staircase leading up, spattered with blood here.
949 ||| INVOKING Spit Poison.
Aiming: Spit Poison (2% risk of failure)
Press: ? - help, Shift-Dir - straight line, f - gnoll The splash of poison hits the gnoll!
The gnoll is poisoned.
The gnoll is severely wounded.
The gnoll hits you from afar with a +0 halberd! x3
You die...

...... .8.
[.#.#.P.?
..#.#.... ###
..#.....# ....
##.....#.#
.....#.ggg....#
...............
^.....%@Z...#
.......#Z.#...#
......# <..# .
...... $..#
..... #..#
..... #.. ....
..# .... ..#


You could see 3 gnolls, a quokka zombie and an adder skeleton.

Vanquished Creatures
  3 dart slugs (D:1)
  A ball python (D:1)
  6 bats
  A bat skeleton (D:2)
  An endoplasm (D:1)
  A giant cockroach (D:2)
  A goblin (D:1)
  4 hobgoblins (D:1)
  2 quokkas (D:1)
  4 frilled lizards
  5 rats (D:1)
29 creatures vanquished.

Notes
Turn   | Place    | Note
-------+----------+-------------------------------------------
     0 | D:1      | qw the Naga Hunter began the quest for the Orb.
     0 | D:1      | Reached XP level 1. HP: 19/19 MP: 1/1
     0 | D:1      | 0 ||| qw: Version: 0.2-a-29-g511e9b1
     0 | D:1      | 0 ||| qw: Game counter: 5567
     0 | D:1      | 0 ||| qw: Always use a shield: true
     0 | D:1      | 0 ||| qw: God list: Okawaru
     0 | D:1      | 0 ||| qw: Allow faded altars: false
     0 | D:1      | 0 ||| qw: Do Orc after D:15 true
     0 | D:1      | 0 ||| qw: Do second Lair branch before Depths: true
     0 | D:1      | 0 ||| qw: Lair rune preference: random
     0 | D:1      | 0 ||| qw: Plans: Normal
     0 | D:1      | 0 ||| PLANNING D:1-11
   110 | D:1      | 110 ||| FLEEEEING.
   111 | D:1      | 111 ||| FLEEEEING.
   112 | D:1      | 112 ||| FLEEEEING.
   113 | D:1      | 113 ||| FLEEEEING.
   117 | D:1      | 117 ||| FLEEEEING.
   122 | D:1      | 122 ||| FLEEEEING.
   146 | D:1      | 146 ||| INVOKING Spit Poison.
   159 | D:1      | 159 ||| INVOKING Spit Poison.
   160 | D:1      | Reached skill level 4 in Ranged Weapons
   160 | D:1      | Reached XP level 2. HP: 26/26 MP: 2/2
   171 | D:1      | 171 ||| INVOKING Spit Poison.
   185 | D:1      | 185 ||| INVOKING Spit Poison.
   193 | D:1      | 193 ||| FLEEEEING.
   212 | D:1      | 212 ||| INVOKING Spit Poison.
   225 | D:1      | 225 ||| INVOKING Spit Poison.
   238 | D:1      | 238 ||| FLEEEEING.
   239 | D:1      | 239 ||| FLEEEEING.
   240 | D:1      | 240 ||| FLEEEEING.
   241 | D:1      | 241 ||| FLEEEEING.
   242 | D:1      | 242 ||| FLEEEEING.
   243 | D:1      | 243 ||| FLEEEEING.
   244 | D:1      | 244 ||| FLEEEEING.
   245 | D:1      | 245 ||| FLEEEEING.
   257 | D:1      | 257 ||| INVOKING Spit Poison.
   258 | D:1      | 258 ||| FLEEEEING.
   325 | D:1      | 325 ||| INVOKING Spit Poison.
   328 | D:1      | 328 ||| INVOKING Spit Poison.
   329 | D:1      | Reached XP level 3. HP: 32/32 MP: 3/3
   363 | D:1      | Found Lishrokua's Weapon Shop.
   427 | D:1      | 427 ||| INVOKING Spit Poison.
   437 | D:1      | 437 ||| INVOKING Spit Poison.
   535 | D:1      | 535 ||| INVOKING Spit Poison.
   740 | D:1      | 740 ||| INVOKING Spit Poison.
   750 | D:1      | 750 ||| READING 3 scrolls labelled KASKUQ VIRAON.
   751 | D:1      | 751 ||| READING 2 scrolls labelled QULOIHU RICUJA.
   752 | D:1      | 752 ||| READING scroll labelled LIGOCU JIKOSS.
   753 | D:1      | 753 ||| DRINKING 2 purple potions.
   754 | D:1      | 754 ||| READING 2 scrolls of identify.
   754 | D:1      | 754 ||| IDENTIFYING fuming orange potion
   755 | D:1      | 755 ||| DROPPING scroll of butterflies.
   756 | D:1      | 756 ||| DROPPING scroll of vulnerability.
   819 | D:2      | 819 ||| INVOKING Spit Poison.
   823 | D:2      | 823 ||| INVOKING Spit Poison.
   827 | D:2      | 827 ||| STAIRDANCE
   849 | D:2      | 849 ||| STAIRDANCE
   851 | D:1      | 851 ||| INVOKING Spit Poison.
   911 | D:2      | 911 ||| STAIRDANCE
   926 | D:2      | 926 ||| STAIRDANCE
   949 | D:2      | 949 ||| INVOKING Spit Poison.
   949 | D:2      | Slain by a gnoll

Levels and vault maps discovered:
D:1:      shiori_arrival_elements, layout_basic, serial_shops,
          nicolae_shop_just_a_little_nook, minmay_heptomino_l4
D:2:      layout_rooms, serial_undead, serial_undead_e, serial_undead_d,
          serial_undead_c, serial_undead_a, serial_undead_f, serial_undead_d

Skill      XL: |  1 |
---------------+----+-----
Ranged Weapons | 4 |  4.7
Fighting       | |  2.0
Dodging        | |  1.5
Stealth        | |  1.5

Action                     || total
---------------------------++-------
   Fire: Shortbow          ||    50
Ability: Spit Poison       ||    17
    Use: Scroll            ||     4
         Potion            ||     1
 Armour: Leather armour    ||    12
  Dodge: Dodged            ||    23

Table legend:
 A = Non-vault XP
 B = Vault XP
 C = Vault XP percentage of total XP
 D = Non-vault monster count
 E = Vault monster count
 F = Vault count percentage of total count
                 A         B        C        D         E       F
            +---------+---------+-------+---------+---------+-------
      Total |      45 |       9 |  16.7 |      24 |       5 |  17.2
            +---------+---------+-------+---------+---------+-------
        D:1 |      40 |       7 |  14.9 |      21 |       4 |  16.0
        D:2 |       5 |       2 |  28.6 |       3 |       1 |  25.0
            +---------+---------+-------+---------+---------+-------
